 Dungeon Crawl Stone Soup version 0.25.1-2-g60ff931df9 (webtiles) character file.

Game seed: 1600488502822320929

11337 soggyman666 the Cleaver (level 11, 0/95 HPs)
             Began as a Minotaur Fighter on Nov 5, 2020.
             Was an Elder of Trog.
             Slain by a death yak (6 damage)
             ... on level 11 of the Dungeon.
             The game lasted 00:26:10 (9748 turns).

soggyman666 the Cleaver (Minotaur Fighter)          Turns: 9748, Time: 00:26:10

Health: 0/95       AC: 25    Str: 24    XL:     11   Next: 48%
Magic:  12/12      EV:  7    Int:  5    God:    Trog [****..]
Gold:   646        SH: 12    Dex: 10    Spells: 10/10 levels left

rFire    . . .     SeeInvis .   y - +6 flail (protect)
rCold    . . .     Gourm    .   c - +0 kite shield
rNeg     . . .     Faith    .   m - +0 plate armour
rPois    .         Spirit   .   (helmet restricted)
rElec    .         Reflect  .   o - +0 cloak
rCorr    .         Harm     .   x - +1 pair of gloves
MR       .....                  (no boots)
Stlth    ..........             k - amulet of the acrobat
HPRegen  0.25/turn              (no ring)
MPRegen  0.13/turn              (no ring)

@: protection aura, very slightly contaminated
A: retaliatory headbutt, horns 2
a: Berserk, Trog's Hand, Brothers in Arms, Renounce Religion


You were on level 11 of the Dungeon.
You worshipped Trog.
Trog was greatly pleased with you.
You were hungry.

You visited 1 branch of the dungeon, and saw 11 of its levels.

You collected 646 gold pieces.

Inventory:

Hand Weapons
 d - a +2 hand axe of venom
 y - a +6 flail of protection (weapon)
Armour
 c - a +0 kite shield (worn)
 m - a +0 plate armour (worn)
 o - a +0 cloak (worn)
 x - a +1 pair of gloves (worn)
Jewellery
 k - an amulet of the acrobat (around neck)
 A - an uncursed ring of ice
Wands
 u - a wand of digging (2)
 v - a wand of iceblast (9)
Scrolls
 b - a scroll of fog
 g - 2 scrolls of enchant weapon
 j - 6 scrolls of remove curse
 l - 2 scrolls of fear
 p - 8 scrolls of blinking
 s - 5 scrolls of enchant armour
 w - 7 scrolls of teleportation
Potions
 a - 2 potions of cancellation
 e - 4 potions of invisibility
 i - 5 potions of flight
 r - a potion of resistance
 t - 2 potions of might
Miscellaneous
 n - a phantom mirror
Comestibles
 f - 21 rations
 z - 3 chunks of flesh


   Skills:
 + Level 8.6 Fighting
 + Level 12.5 Axes
 + Level 10.0 Armour
 + Level 3.0 Dodging
 - Level 6.1 Stealth
 + Level 9.2 Shields
 * Level 3.8 Evocations


You had 10 spell levels left.
You didn't know any spells.
Your spell library contained the following spells:

 Spells                   Type           Power        Failure   Level  Hunger
 Magic Dart               Conj           #...         100%        1    ##.....
 Blink                    Tloc           N/A          100%        2    ###....
 Call Imp                 Summ           #.......     100%        2    ###....
 Slow                     Hex            #.......     100%        2    ###....
 Conjure Flame            Conj/Fire      #.......     100%        3    ####...
 Mephitic Cloud           Conj/Pois/Air  #.......     100%        3    ####...


Dungeon Overview and Level Annotations

Branches:
Dungeon (11/15)            Temple (0/1) D:7             Orc (0/2) D:9
   Lair: D:8-11

Altars:
Dithmenos
Elyvilon
Gozag
Hepliaklqana
Makhleb
Nemelex Xobeh
Okawaru
Sif Muna
Trog
Yredelemnul
The Shining One


Innate Abilities, Weirdness & Mutations

You reflexively headbutt those who attack you in melee.
You have a pair of horns on your head.


Message History

You hit the death yak but do no damage.
You headbutt the death yak, but do no damage.
The death yak gores you but does no damage.
The orc hits you but does no damage.
You are feeling hungry.
You hit the death yak but do no damage.
You headbutt the death yak, but do no damage.
You block the death yak's attack. The orc hits you but does no damage.
You sock the death yak!
The death yak is moderately wounded.
You block the death yak's attack. You block the orc's attack.
You sock the death yak!
The death yak is moderately wounded.
You block the death yak's attack. The orc barely misses you.
Your plate armour prevents you from hitting the death yak.
The death yak is moderately wounded.
The death yak gores you!
* * * LOW HITPOINT WARNING * * *
You block the orc's attack. The death yak gores you.
You die...

..o.####....# ..o.o§o.....#
########o...# .. #....# ######
... #....# +....# ........
###..###....###........###
#.......................
#......o................
#######......@................
.............Y................
########.....######...........
#.....#....#.....######
###...#....#.....#....#
#...#....#.....'....#
##..###'##.....#....÷
#.............######
#...................


You could see a death yak and an orc.

Vanquished Creatures
  5 death yaks (D:11)
  Pikel (D:5)
  An ugly thing (D:9)
  2 trolls
  A hornet (D:9)
  Grinder (D:3)
  Sigmund (D:3)
  6 yaks (D:10)
  A hungry ghost (D:10)
  A warg (D:9)
  A water moccasin (D:7)
  Edmund (D:5)
  3 black bears
  4 orc warriors
  A sky beast (D:5)
  2 slaves (D:5)
  5 ogres
  3 phantoms
  6 centaurs
  A big kobold (D:10)
  5 bullfrogs
  3 scorpions
  10 killer bees
  6 wights
  A howler monkey (D:6)
  5 crimson imps
  2 centaur zombies
  5 hounds
  5 jellies
  2 bullfrog skeletons
  A centaur skeleton (D:5)
  7 orc priests
  2 iguanas
  Terence (D:2)
  10 orc wizards
  7 worker ants
  3 hound skeletons
  A gnoll (D:5)
  8 adders
  A shadow imp (D:8)
  5 oozes (D:9)
  An adder skeleton (D:6)
  3 worms
  A dart slug (D:2)
  7 leopard geckos
  38 orcs
  2 bats (D:2)
  2 giant cockroaches
  8 goblins
  3 hobgoblins
  7 jackals
  10 quokkas
  A ball python (D:3)
  9 frilled lizards
  13 kobolds
  A quokka skeleton (D:5)
  A quokka zombie (D:6)
  5 rats
249 creatures vanquished.

Vanquished Creatures (others)
  A centaur skeleton (D:5)
1 creature vanquished.

Grand Total: 250 creatures vanquished

Notes
Turn   | Place    | Note
-------+----------+-------------------------------------------
     0 | D:1      | soggyman666 the Minotaur Fighter began the quest for the
                  | Orb.
     0 | D:1      | Reached XP level 1. HP: 19/19 MP: 0/0
   431 | D:2      | Reached XP level 2. HP: 27/27 MP: 1/1
   545 | D:2      | Found a shimmering blue altar of Sif Muna.
   548 | D:2      | Found a white marble altar of Elyvilon.
   551 | D:2      | Found a hazy altar of Hepliaklqana.
   668 | D:2      | Found a sparkling altar of Nemelex Xobeh.
   886 | D:2      | Noticed Terence
   901 | D:2      | Killed Terence
   901 | D:2      | Reached skill level 3 in Axes
   901 | D:2      | Reached XP level 3. HP: 6/33 MP: 2/2
  1719 | D:3      | Reached XP level 4. HP: 37/40 MP: 3/3
  1907 | D:3      | Noticed Grinder
  1916 | D:3      | Paralysed by Grinder for 2 turns
  1925 | D:3      | Killed Grinder
  1925 | D:3      | Reached skill level 4 in Axes
  1925 | D:3      | Reached skill level 5 in Armour
  1925 | D:3      | Reached skill level 1 in Stealth
  1925 | D:3      | Reached XP level 5. HP: 13/47 MP: 4/4
  2099 | D:3      | Reached XP level 6. HP: 43/53 MP: 5/5
  2235 | D:3      | Noticed Sigmund
  2260 | D:3      | Killed Sigmund
  2260 | D:3      | Reached skill level 5 in Axes
  2590 | D:3      | Found a faded altar of an unknown god.
  2693 | D:3      | Reached skill level 1 in Dodging
  2880 | D:4      | Reached XP level 7. HP: 58/60 MP: 6/6
  3769 | D:5      | Entered Level 5 of the Dungeon
  3872 | D:5      | Noticed Edmund
  3883 | D:5      | Killed Edmund
  3883 | D:5      | Reached skill level 5 in Fighting
  3925 | D:5      | Noticed Pikel
  3943 | D:5      | Killed Pikel
  3943 | D:5      | Reached skill level 6 in Axes
  3943 | D:5      | Reached skill level 5 in Shields
  3943 | D:5      | Reached XP level 8. HP: 60/68 MP: 7/7
  4016 | D:5      | Reached skill level 7 in Axes
  4247 | D:5      | Found an iron altar of Okawaru.
  4692 | D:6      | Reached skill level 8 in Axes
  4799 | D:6      | Reached XP level 9. HP: 21/75 MP: 8/8
  5074 | D:6      | Reached skill level 9 in Axes
  5434 | D:6      | Reached skill level 5 in Stealth
  5504 | D:6      | Got a flickering lead ring
  5552 | D:6      | Identified the ring "Voulehoiss" {rF+ rN+ rCorr Slay-4}
                  | (You found it on level 6 of the Dungeon)
  5615 | D:6      | Found a bloodstained altar of Trog.
  5628 | D:6      | Became a worshipper of Trog the Wrathful
  6087 | D:7      | Reached skill level 10 in Axes
  6248 | D:7      | Found a staircase to the Ecumenical Temple.
  6294 | D:7      | Reached * piety under Trog
  6390 | D:7      | Found a shadowy altar of Dithmenos.
  6592 | D:8      | Reached XP level 10. HP: 77/84 MP: 9/9
  7109 | D:9      | Reached ** piety under Trog
  7227 | D:9      | Paralysed by a hornet for 2 turns
  7532 | D:9      | Found a glowing golden altar of the Shining One.
  7541 | D:9      | Found a basalt altar of Yredelemnul.
  7566 | D:9      | Found a staircase to the Orcish Mines.
  8076 | D:9      | Noticed a white ugly thing
  8096 | D:9      | Killed a white ugly thing
  8096 | D:9      | Reached skill level 11 in Axes
  8096 | D:9      | Reached skill level 1 in Evocations
  8227 | D:9      | Found an opulent altar of Gozag.
  8369 | D:9      | Found a burning altar of Makhleb.
  8430 | D:9      | Noticed an angel
  8438 | D:9      | Noticed a profane servitor
  8470 | D:10     | Entered Level 10 of the Dungeon
  8540 | D:10     | Reached *** piety under Trog
  8844 | D:10     | Reached XP level 11. HP: 79/94 MP: 11/11
  9655 | D:11     | Noticed a death yak
  9658 | D:11     | Noticed a death yak
  9658 | D:11     | Noticed a death yak
  9660 | D:11     | Noticed a death yak
  9666 | D:11     | Noticed a death yak
  9668 | D:11     | Noticed a death yak
  9675 | D:11     | Killed a death yak
  9675 | D:11     | Reached skill level 12 in Axes
  9690 | D:11     | Killed a death yak
  9701 | D:11     | Killed a death yak
  9711 | D:11     | Killed a death yak
  9720 | D:11     | HP: 1/95 [death yak (21)]
  9737 | D:11     | Killed a death yak
  9737 | D:11     | Reached skill level 10 in Armour
  9741 | D:11     | Reached **** piety under Trog
  9748 | D:11     | Slain by a death yak

Illustrated notes

Levels and vault maps discovered:
D:1:      heliophobic_arrival_battle_scene, layout_rooms
D:2:      layout_basic, grunt_temple_overflow_diamond,
          nemelex_xobeh_ov_fountains_minmay, uniq_terence
D:3:      layout_rooms, first_ration, chequers_ecumenical_altar_lobes,
          minmay_puff, uniq_sigmund, uniq_grinder
D:4:      layout_loops_corners
D:5:      layout_loops_ring, okawaru_altar_gauntlet_db,
          hangedman_decor_clover_reticule, eino_small_chamber_without_monster,
          uniq_edmund, uniq_pikel
D:6:      layout_rooms, trog_three_pillars_becter
D:7:      layout_rooms, temple_doors_cd, grunt_dithmenos_shadows
D:8:      layout_rooms
D:9:      layout_cave_pools, grunt_temple_overflow_holy_war, kennysheep_mini,
          marbit_many_paths, david_orc_3, hangedman_little_slice_of_home
D:10:     layout_basic
D:11:     layout_irregular_city, dpeg_lair_monsters, serial_bayou_pond_d

Skill      XL: |  1  2  3  4  5  6  7  8  9 10 11 |
---------------+----------------------------------+-----
Armour         | 4 5 6 7 8 9 10 | 10.0
Fighting       | 4 5 6 7 8 |  8.6
Shields        | 4 5 7 8 9 |  9.2
Axes           | 3 4 5 6 8 10 11 12 | 12.5
Stealth        | 1 2 3 4 5 6 |  6.1
Dodging        | 1 2 3 |  3.0
Evocations     | 2 3 |  3.8

Action                   |  1- 3 |  4- 6 |  7- 9 | 10-12 || total
-------------------------+-------+-------+-------+-------++-------
Melee: War axe           |    42 |       |       |       ||    42
       Headbutt          |    12 |    12 |    61 |    77 ||   162
       Hand axe          |    24 |    79 |   312 |   314 ||   729
       Flail             |       |       |       |    13 ||    13
  Use: Scroll            |     3 |     3 |    10 |     6 ||    22
       Potion            |     3 |       |     1 |     4 ||     8
  Eat: Chunk             |     2 |     4 |    12 |     9 ||    27
       Ration            |       |       |       |     1 ||     1
Armor: Scale mail        |    28 |    16 |       |       ||    44
       Chain mail        |       |     7 |    97 |       ||   104
       Plate armour      |       |       |    54 |   105 ||   159
Dodge: Dodged            |    19 |    24 |   102 |    76 ||   221
Block: Kite shield       |    33 |    31 |   175 |   156 ||   395
